Map: Ascension to Aiur LE

Players

Winthrowe

  • Race: Terran Terran
  • League: Silver
  • Spawn Location: 5:00

DKT

  • Race: Terran Terran
  • League: Diamond
  • Spawn Location: 11:00

Nikitta

  • Race: Protoss Protoss

PizzaCat

  • Race: Protoss Protoss
  • League: Diamond

VOD

Have the link to the VOD?

Description

Time

  • Played on: Aug. 30, 2017, 9:05 p.m.
  • Length: 4:12
Show
View Real Time Build Order
Export as new Build Order

Winthrowe Terran 

Build Orders:  

Get SALT Encoding   

  12  0:12  Supply Depot  
  12  0:13  SCV  
  13  0:29  SCV  
  14  0:37  Barracks  
  14  0:43  Refinery  
  14  0:54  SCV  
  15  1:06  SCV  
  16  1:18  SCV  
  17  1:25  Barracks  
  17  1:28  Marine  
  18  1:47  Marine  
  18  1:48  Supply Depot  
  18  1:50  Orbital Command  
  19  2:08  Factory  
  19  2:13  Marine x2  
  21  2:26  SCV  
  22  2:34  Marine  
  22  2:36  Marine  
  24  2:39  SCV  
  25  2:51  Marine, SCV  
  26  2:54  Marine  
  26  2:56  Refinery  
  28  3:03  SCV  
  26  3:19  Command Center  
  25  3:22  Marine  
  25  3:24  Marine  
  27  3:34  SCV  
Show
View Real Time Build Order
Export as new Build Order

DKT Terran 

Build Orders:  

Get SALT Encoding   

  12  0:01  Probe (Chrono Boost)  
  13  0:11  Probe (Chrono Boost)  
  14  0:17  Pylon  
  14  0:22  Probe (Chrono Boost)  
  15  0:36  Probe (Chrono Boost)  
  15  0:39  Gateway  
  16  0:45  Assimilator  
  16  0:46  Probe (Chrono Boost)  
  18  0:57  Probe (Chrono Boost)  
  18  1:09  Probe (Chrono Boost)  
  19  1:17  Gateway  
  19  1:18  Pylon  
  19  1:24  Probe (Chrono Boost)  
  20  1:26  Cybernetics Core  
  20  1:31  Zealot  
  22  1:35  Probe (Chrono Boost)  
  23  1:46  Pylon  
  23  1:49  Probe (Chrono Boost)  
  24  2:03  Stalker (Chrono Boost)  
  24  2:05  Mothership Core (Chrono Boost)  
  28  2:19  Zealot (Chrono Boost)  
  29  2:33  Stalker (Chrono Boost)  
  29  2:36  Probe  
  34  2:45  Stalker (Chrono Boost)  
  34  2:46  Pylon  
  34  2:56  Probe (Chrono Boost)  
  35  2:59  Stalker  
  37  3:06  Nexus  
  37  3:18  Stalker  
  39  3:20  Assimilator  
  39  3:21  Probe (Chrono Boost)  
  40  3:36  Stalker  
  40  3:40  Probe (Chrono Boost)  
  43  4:09  Robotics Facility  
Show
View Real Time Build Order
Export as new Build Order

Nikitta Protoss 

Build Orders:  

Get SALT Encoding   

Show
View Real Time Build Order
Export as new Build Order

PizzaCat Protoss 

Build Orders:  

Get SALT Encoding   

Tags
 
Add a new tag
Caveats
  • Supply blocks, unpowered buildings, or Contaminate may cause inaccurate times.
  • Supply counts are checked every 10 seconds.